 Dungeon Crawl Stone Soup version 0.30-a0-373-gd37427bb62 (webtiles) character file.

Game seed: 12865189722832341158

1897 greenreed the Cleaver (level 9, -4/62 HPs)
             Began as a Formicid Fighter on Nov 24, 2022.
             Was a Priest of Hepliaklqana.
             Slain by an orc warrior
             ... wielding a +0 glaive
              (22 damage)
             ... in a bailey.
             The game lasted 00:14:13 (5908 turns).

greenreed the Cleaver (Formicid Fighter)            Turns: 5908, Time: 00:14:14

Health: -4/62      AC: 12    Str: 28    XL:     9   Next: 37%
Magic:  5/9        EV: 10    Int:  8    God:    Hepliaklqana [***...]
Gold:   149        SH:  5    Dex: 13    Spells: 5/8 levels left

rFire   . . .      SeeInvis +    q - +9 battleaxe of the Median {vamp, rN+}
rCold   . . .      Faith    +    c - +0 buckler
rNeg    + . .      Spirit   .    b - +0 scale mail
rPois   .          Reflect  .    (helmet unavailable)
rElec   .          Harm     .    (no cloak)
rCorr   .          Rampage  .    G - +2 pair of gloves {Str+3}
Will    .....                    p - +0 pair of boots
Stlth   ..........               j - amulet of faith
HPRegen 0.30/turn                (no ring)
MPRegen 0.11/turn                (no ring)

@: very slow
A: reduced essence, permanent stasis, dig shafts and tunnels, antennae 3, four
strong arms
a: Dig, Renounce Religion, Recall Ancestor, Ancestor Identity, Transference


You were in a bailey.
You worshipped Hepliaklqana.
Hepliaklqana was most pleased with you.
You visited 1 branch of the dungeon, and saw 7 of its levels.
You also visited: Bailey.

You collected 374 gold pieces.
You spent 225 gold pieces at shops.

Inventory:

Hand Weapons
 a - a +0 trident
 q - the +9 battleaxe of the Median (weapon) {vamp, rN+}
   (You found it on level 2 of the Dungeon)

   It occasionally heals its wielder for a portion of the damage dealt when it
   wounds a living foe.
   rN:        It protects you from negative energy.
Missiles
 v - 7 poisoned darts (quivered)
Armour
 b - a +0 scale mail (worn)
 c - a +0 buckler (worn)
 n - a +0 pair of gloves
 p - a +0 pair of boots (worn)
 G - a +2 pair of gloves of strength (worn)
Jewellery
 j - an amulet of faith (around neck)
 y - a ring of ice
Scrolls
 f - a scroll of noise
 h - a scroll of fog
 i - 2 scrolls of blinking {unknown}
 m - a scroll of identify
 r - 2 scrolls of acquirement {unknown}
 s - a scroll of vulnerability
 u - a scroll of teleportation
 z - a scroll of immolation
 C - 2 scrolls of poison
 D - a scroll of amnesia {unknown}
 F - a scroll of magic mapping {unknown}
Potions
 d - a potion of might
 e - 5 potions of mutation {unknown}
 g - a potion of magic {unknown}
 k - 5 potions of curing {unknown}
 l - 2 potions of brilliance {unknown}
 o - 2 potions of invisibility {unknown}
 t - a potion of resistance {unknown}
 w - 2 potions of attraction {unknown}
 x - 2 potions of cancellation {unknown}
 A - a potion of flight {unknown}
 B - a potion of heal wounds {unknown}
 E - a potion of lignification {unknown}


   Skills:
 * Level 5.6 Fighting
 * Level 8.4(8.7) Axes
 + Level 3.0(6.1) Polearms
 + Level 0.2 Throwing
 + Level 6.3 Armour
 + Level 1.7 Dodging
 + Level 1.7 Stealth
 + Level 5.1 Shields


You had 5 spell levels left.
You knew the following spells:

 Your Spells              Type           Power      Damage    Failure   Level
a - Tukima's Dance        Hex            0%         N/A       97%         3

Your spell library contained the following spells:

 Spells                   Type           Power      Damage    Failure   Level
 Apportation              Tloc           0%         N/A       71%         1
 Necrotise                Necr           0%         1d4       71%         1
 Summon Small Mammal      Summ           0%         N/A       71%         1
 Scorch                   Fire           0%         2d5       85%         2
 Dazzling Flash           Conj/Hex       0%         N/A       97%         3
 Portal Projectile        Hex/Tloc       0%         N/A       97%         3
 Flame Wave               Conj/Fire      0%         2d4       100%        4
 Iskenderun's Mystic Bla  Conj/Tloc      0%         2d3       100%        4
 Summon Ice Beast         Ice/Summ       0%         N/A       100%        4
 Blade Hands              Tmut           0%         N/A       100%        5
 Summon Mana Viper        Hex/Summ       0%         N/A       100%        5
 Starburst                Conj/Fire      0%         6d3       100%        6
 Summon Cactus Giant      Summ           0%         N/A       100%        6
 Monstrous Menagerie      Summ           0%         N/A       100%        7


Dungeon Overview and Level Annotations

Branches:
Dungeon (7/15)             Bailey (1/1)
 Temple: D:4-7

Altars:
Cheibriados
Elyvilon
Fedhas
Hepliaklqana
Kikubaaqudgha
Nemelex Xobeh
Qazlal
Trog
Xom
The Shining One

Shops:
D:7 [


Innate Abilities, Weirdness & Mutations

Your life essence is reduced to manifest your ancestor. (-10% HP)
You cannot be hasted, slowed, berserked, paralysed or teleported.
You can dig through walls and to a lower floor.
You have a pair of large antennae on your head. (SInv)
Your four strong arms can wield two-handed weapons with a shield.


Message History

An orc comes into view. It is wielding a +0 spear.
The orc shouts!
An orc comes into view. It is wielding a +0 halberd.
The orc warrior hits you with a +0 glaive.
The orc warrior closely misses you.
An orc comes into view. It is wielding a +0 spear.
The orc barely misses you.
You enter the shallow water.
Moving in this stuff is going to be slow.
The orc shouts!
You block the orc warrior's attack.
The orc hits you from afar with a +0 halberd!
* * * LOW HITPOINT WARNING * * *
The orc hits you with a +0 halberd!
* * * LOW HITPOINT WARNING * * *
You block the orc's attack.
You slice the orc!!
You kill the orc!
You hear a splash. x2
You slash the orc!
You feel better.
You kill the orc!
You hear a splash. x2
You feel a little less mighty now.
The orc warrior splashes around in the water.
The orc knight roars a battlecry!
The orcs go into a battle-frenzy!
You block the orc's attack.
An orc comes into view. It is wielding a +0 halberd.
The orc warrior splashes around in the water.
The orc barely misses you.
The orc knight roars a battlecry!
The orc goes into a battle-frenzy!
The orc warrior barely misses you. The orc closely misses you.
The orc hits you but does no damage.
Things that are here:
a +0 spear; a +0 scale mail; an orc corpse You slash the orc!
You feel better.
You kill the orc!
The orc warrior hits you from afar with a +0 glaive!!
You die...

#### #########
#∩∩## ##........
##..# ##..~~~~~~~
#..##
##..~~.o...~
##..######..~@)o#
#.......oo.~)..##
#.~~~~~~~~~o..##
#.)..........##
#.~.##########
#.~.##.$$$.
#.~..##.$.#
#.~~..##.##
.....≈≈
#∩.(~..#+#
..⌠...≈


You could see an orc knight (poisoned), 2 orc warriors and 2 orcs.

Vanquished Creatures
  A water moccasin (D:7)
  A sky beast (D:7)
  An orc warrior (Bailey)
  An ice beast (D:6)
  2 ogres
  A black bear (D:6)
  A centaur (D:7)
  A bullfrog (D:6)
  A necrophage (D:7)
  2 scorpions (D:4)
  3 orc priests
  2 jellies
  An iron imp (D:5)
  4 iguanas
  8 orc wizards
  Terence (D:2)
  9 adders
  2 worms
  3 dart slugs
  23 orcs
  4 ball pythons
  5 endoplasms
  4 giant cockroaches
  3 goblins
  5 hobgoblins
  2 quokkas
  3 bats
  5 frilled lizards
  4 hobgoblin zombies (D:4)
  4 kobolds
  A kobold skeleton (D:4)
  3 kobold zombies (D:4)
  An orc zombie (D:4)
  10 rats
122 creatures vanquished.

Vanquished Creatures (collateral kills)
  A black bear (D:5)
  A scorpion (D:5)
  An orc priest (D:6)
  An orc wizard (D:6)
  An adder (D:5)
  A shadow imp (D:5)
  A white imp (D:4)
  6 orcs
  2 hobgoblin zombies (D:4)
  3 orc zombies (D:4)
18 creatures vanquished.

Vanquished Creatures (others)
  A hexer (Bailey)
  An ancestor (D:4)
  6 plants (D:2)
8 creatures vanquished.

Grand Total: 148 creatures vanquished

Notes
Turn   | Place    | Note
-------+----------+-------------------------------------------
     0 | D:1      | greenreed the Formicid Fighter began the quest for the Orb.
     0 | D:1      | Reached XP level 1. HP: 18/18 MP: 1/1
    12 | D:1      | Found a faded altar of an unknown god.
    92 | D:1      | Reached XP level 2. HP: 22/24 MP: 2/2
   905 | D:1      | Reached XP level 3. HP: 20/29 MP: 3/3
   986 | D:2      | Identified the +9 battleaxe of the Median {vamp, rN+}
  1042 | D:2      | Noticed Terence
  1052 | D:2      | Killed Terence
  1053 | D:2      | Reached XP level 4. HP: 32/37 MP: 4/4
  1664 | D:3      | Found a hazy altar of Hepliaklqana.
  1672 | D:3      | Became a worshipper of Hepliaklqana the Forgotten
  1793 | D:3      | Reached XP level 5. HP: 42/42 MP: 5/5
  2579 | D:4      | Reached * piety under Hepliaklqana
  2608 | D:4      | Reached skill level 1 in Axes
  2632 | D:4      | Reached skill level 2 in Axes
  2632 | D:4      | Reached XP level 6. HP: 41/43 MP: 6/6
  2670 | D:4      | Noticed an ogre
  2681 | D:4      | Killed an ogre
  2686 | D:4      | Learned a level 3 spell: Tukima's Dance
  2751 | D:4      | Found a glowing golden altar of the Shining One.
  2758 | D:4      | Reached skill level 3 in Axes
  2761 | D:4      | Reached XP level 7. HP: 25/48 MP: 7/7
  3605 | D:4      | Reached ** piety under Hepliaklqana
  3606 | D:4      | Remembered your ancestor Nkonkoni as a hexer
  3702 | D:4      | Found a sparkling altar of Nemelex Xobeh.
  3705 | D:4      | Found a shimmering altar of Xom.
  3710 | D:4      | Found an ancient bone altar of Kikubaaqudgha.
  3722 | D:5      | Entered Level 5 of the Dungeon
  3730 | D:5      | Reached skill level 4 in Axes
  3730 | D:5      | Reached skill level 5 in Armour
  3880 | D:5      | Found a blossoming altar of Fedhas.
  3975 | D:5      | Found a white marble altar of Elyvilon.
  3990 | D:5      | Reached skill level 5 in Axes
  4353 | D:5      | Found a snail-covered altar of Cheibriados.
  4359 | D:5      | Reached XP level 8. HP: 52/54 MP: 8/8
  4572 | D:6      | Reached *** piety under Hepliaklqana
  4582 | D:6      | Reached skill level 1 in Dodging
  4682 | D:6      | Reached skill level 6 in Axes
  4830 | D:6      | Reached skill level 5 in Fighting
  4830 | D:6      | Reached skill level 1 in Stealth
  4918 | D:6      | Reached skill level 7 in Axes
  4918 | D:6      | Reached skill level 5 in Shields
  5347 | D:6      | Found a bloodstained altar of Trog.
  5347 | D:6      | Found a stormy altar of Qazlal.
  5432 | D:7      | Reached XP level 9. HP: 58/61 MP: 9/9
  5509 | D:7      | Reached **** piety under Hepliaklqana
  5621 | D:7      | Found Henoneur's Antique Armour Shop.
  5625 | D:7      | Bought a pair of glowing gloves for 225 gold pieces
  5648 | D:7      | Reached skill level 8 in Axes
  5742 | D:7      | Found a flagged portal.
  5748 | Bailey   | Entered a bailey
  5798 | Bailey   | Noticed an orc knight
  5908 | Bailey   | Slain by an orc warrior

Illustrated notes

Levels and vault maps discovered:
D:1:      minmay_arrival_four_houses, layout_basic, basic_ecumenical_altar,
          chequers_serial_rivers_large_b
D:2:      layout_rooms, wad_woods_river_04, uniq_terence
D:3:      layout_basic, mainiacjoe_overflow_24_doors
D:4:      layout_layer_cave, nicolae_tso_besieged_by_evil,
          grunt_temple_overflow_diamond, kennysheep_flooded_box
D:5:      layout_loops_ring, slow_altar_2, nicolae_overflow_crystal_walls,
          lemuel_crystal_altar, nicolae_titane
D:6:      nicolae_BIG_FREAKIN_CUBE, layout_basic,
          gammafunk_temple_overflow_elements
D:7:      layout_basic, minmay_temple_entry_ruins, serial_shops, shop,
          enter_bailey_1, minivault_24, uniq_maggie
Bailey:   bailey_polearm_1, bailey

Skill      XL: |  1  2  3  4  5  6  7  8  9 |
---------------+----------------------------+-----
Armour         | 4 5 6 |  6.3
Fighting       | 4 5 |  5.6
Axes           | 2 3 5 7 8 |  8.4
Polearms       | 3 |  3.0
Dodging        | 1 |  1.7
Stealth        | 1 |  1.7
Shields        | 5 |  5.1
Throwing       | |  0.2

Action                   |  1- 3 |  4- 6 |  7- 9 || total
-------------------------+-------+-------+-------++-------
Melee: Trident           |    71 |    51 |       ||   122
       Battleaxe         |       |    47 |   114 ||   161
Throw: Dart              |       |     2 |     3 ||     5
Invok: Ancestor Life: He |       |       |     1 ||     1
       Idealise          |       |       |     2 ||     2
  Use: Scroll            |       |       |     6 ||     6
       Potion            |       |       |     1 ||     1
 Stab: Distracted        |       |       |     1 ||     1
       Confused          |       |       |     3 ||     3
Armor: Scale mail        |    24 |    36 |    65 ||   125
Dodge: Dodged            |    22 |    33 |    54 ||   109
Block: Buckler           |    10 |    21 |    22 ||    53

Table legend: (Time is in decaauts)
 A = Elapsed time spent in this place.
 B = Non-inter-level travel time spent in this place.
 C = Inter-level travel time spent in this place.
 D = Time resting spent in this place.
 E = Time spent auto-exploring this place.
 F = Levels seen in this place.
 G = Mean time per level.
                   A        B        C        D        E       F      G
               +--------+--------+--------+--------+--------+-----+--------+
         Total |   6047 |   5760 |    287 |     68 |   4569 |   8 |  755.9 |
       Dungeon |   5880 |   5593 |    287 |     29 |   4545 |   7 |  840.0 |
        Bailey |    167 |    167 |      0 |     39 |     23 |   1 |  167.0 |
               +--------+--------+--------+--------+--------+-----+--------+

Top non-repeatable levels by time:
     D:4: 1166 daAuts
     D:3: 962 daAuts
     D:1: 946 daAuts
     D:6: 941 daAuts
     D:5: 831 daAuts
     D:2: 741 daAuts
     D:7: 290 daAuts
  Bailey: 167 daAuts
